 Dungeon Crawl Stone Soup version 0.31-a0-426-g3a05650e59 (webtiles) character file.

Game seed: 18063039524610031788

196 MrMonkeyMan the Conjurer (level 6, -4/43 HPs)
             Began as a Human Conjurer on July 30, 2023.
             Was a Follower of Ru.
             Shot with an arrow by an orc warrior (14 damage)
             ... on level 4 of the Dungeon on July 31, 2023.
             The game lasted 00:34:44 (3650 turns).

MrMonkeyMan the Conjurer (Human Conjurer)           Turns: 3650, Time: 00:34:45

Health: -4/43      AC:  3    Str:  8    XL:     6   Next: 4%
Magic:  1/10       EV: 12    Int: 20    God:    Ru [*.....]
Gold:   95         SH:  5    Dex: 11    Spells: 8/11 levels left

rFire   . . .        v - staff of conjuration
rCold   . . .        (no shield)
rNeg    . . .        a - +0 robe
rPois   .            (no helmet)
rElec   .            (no cloak)
rCorr   .            C - +1 pair of gloves
SInv    +            (no boots)
Will    .....        B - amulet of reflection
Stlth   ++           o - +4 ring of protection
HPRegen 0.27/turn    g - ring of see invisible
MPRegen 0.12/turn

%: reflection
@: attractive
A: reduced AC 1
a: Renounce Religion


You were on level 4 of the Dungeon.
You worshipped Ru.
Ru was aware of your devotion.
You visited 1 branch of the dungeon, and saw 4 of its levels.

You collected 117 gold pieces.
You spent 22 gold pieces at shops.

Inventory:

Hand Weapons
 e - a +0 spear
 h - a +0 sling of draining
 l - a +2 dagger of electrocution
Missiles
 i - 3 poisoned darts
Armour
 a - a +0 robe (worn)
 c - a +0 leather armour
 m - a +0 plate armour
 C - a +1 pair of gloves (worn)
Magical Staves
 v - a staff of conjuration (weapon)
Jewellery
 f - a ring of flight
 g - a ring of see invisible (right hand)
 o - a +4 ring of protection (left hand)
 B - an amulet of reflection (around neck)
Scrolls
 d - 3 scrolls of vulnerability
 n - a scroll of revelation
 p - a scroll of enchant weapon
 q - a scroll of immolation {unknown}
 t - a scroll of fear {unknown}
 w - 3 scrolls of teleportation
 x - a scroll of torment {unknown}
 y - 3 scrolls of identify
 D - a scroll of fog {unknown}
 E - 2 scrolls of brand weapon
Potions
 b - a potion of magic
 j - a potion of cancellation {unknown}
 k - a potion of mutation {unknown}
 r - 2 potions of enlightenment {unknown}
 s - 2 potions of attraction
 z - a potion of might {unknown}
 A - a potion of curing {unknown}


   Skills:
 + Level 1.1 Fighting
 - Level 0.1 Short Blades
 - Level 0.6 Polearms
 + Level 0.1(0.3) Staves
 + Level 2.7 Dodging
 + Level 2.5 Stealth
 + Level 3.0 Spellcasting
 + Level 5.4 Conjurations


You had 8 spell levels left.
You knew the following spells:

 Your Spells              Type           Power      Damage    Failure   Level
a - Magic Dart            Conj           100%       1d8       1%          1
b - Searing Ray           Conj           74%        2d7       2%          2

Your spell library contained the following spells:

 Spells                   Type           Power      Damage    Failure   Level
 Slow                     Hex            12%        N/A       14%         1
 Dazzling Flash           Conj/Hex       40%        N/A       14%         3
 Cigotuvi's Dreadful Rot  Necr/Pois/Air  6%         N/A       22%         2
 Ensorcelled Hibernation  Hex/Ice        6%         N/A       22%         2
 Lesser Beckoning         Tloc           6%         N/A       22%         2
 Confusing Touch          Hex            3%         N/A       38%         3
 Gell's Gravitas          Tloc           3%         N/A       38%         3
 Teleport Other           Tloc           3%         N/A       38%         3
 Vampiric Draining        Necr           3%         2d6       38%         3
 Fulminant Prism          Conj/Hex       10%        3d9       43%         4
 Iskenderun's Mystic Bla  Conj/Tloc      20%        2d6       43%         4
 Anguish                  Hex/Necr       1%         N/A       80%         4
 Dispel Undead            Necr           3%         3d7       80%         4
 Death Channel            Necr           1%         N/A       100%        6


Dungeon Overview and Level Annotations

Branches:
Dungeon (4/15)             Temple (0/1) D:4

Altars:
Dithmenos
Ru

Shops:
D:3 ?

Annotations:
D:4 2 transporters, hotbaconsauce's ghost, amateur MiFi


Innate Abilities, Weirdness & Mutations

You take slightly more damage. (AC -5)


Message History

Aim: an orc warrior, wielding a +0 orcbow and wearing a +0 plate armour (heavily wounded, 81% to hit)
You feel a surge of power!
The searing ray hits the orc warrior.
The orc warrior is heavily wounded. (Press . to maintain the ray.) Without enough magic to sustain it, your searing ray dissipates.
The orc warrior shoots an arrow.
The arrow closely misses you.
Okay, then.
The orc warrior shoots an arrow.
The arrow closely misses you.
The orc warrior shoots an arrow.
The arrow hits you!
* * * LOW HITPOINT WARNING * * *
The orc warrior shoots an arrow.
You block the arrow with an invisible shield... and reflect it back!
The arrow hits the orc warrior.
It was a potion of attraction.
You feel attractive to monsters.
The orc warrior shoots an arrow.
The arrow hits you!
* * * LOW HITPOINT WARNING * * *
The orc warrior is attracted toward you.
It was a potion of heal wounds.
You feel much better.
The orc warrior shoots an arrow.
The arrow hits you!
* * * LOW HITPOINT WARNING * * *
The orc warrior is attracted toward you.
You feel much better.
The orc warrior unwields a +0 orcbow.
The orc warrior wields a +0 scimitar.
The orc warrior closely misses you.
The orc warrior attacks as you move away!
The orc warrior hits you with a +0 scimitar!
The orc warrior unwields a +0 scimitar.
The orc warrior wields a +0 orcbow.
The orc warrior shoots an arrow.
The arrow hits you!
* * * LOW HITPOINT WARNING * * *
The orc warrior is attracted toward you.
The orc warrior attacks as you move away!
The orc warrior unwields a +0 orcbow.
The orc warrior wields a +0 scimitar.
You block the orc warrior's attack.
The orc warrior unwields a +0 scimitar.
The orc warrior wields a +0 orcbow.
The orc warrior shoots an arrow.
The arrow misses you.
The orc warrior is attracted toward you.
The orc warrior shoots an arrow.
The arrow closely misses you.
The orc warrior is attracted toward you.
The orc warrior shoots an arrow.
The arrow hits you!
You die...

*.####.#........,,,,,,,,,,
*.####.#........,,,,,,,,,,
*..........#####****,,,,,,
*######)..##....,,,**,,,,,
#...#8.##.#*,8*,,,,,
#...#..##.#*,,*,,,**
#...#........,*,,,*
#..©#...)©?..[#©..*
##.@#S.....,..#..#*
#..#hS##.#*..#..#
#.o#8.##.##.8#..#
#.§##W......##..#
#..§#########...##*
#...§.............,
##.......).......#*
#########......##,
#.######*,


You could see an orc warrior, a hound, hotbaconsauce's ghost, an adder and a
ball python.

Vanquished Creatures
  An orc priest (D:3)
  2 orc wizards (D:4)
  3 adders
  2 worms (D:3)
  A dart slug (D:2)
  12 orcs
  4 endoplasms
  4 goblins
  6 hobgoblins
  7 jackals (D:1)
  8 kobolds
  4 quokkas
  2 ball pythons (D:1)
  A bat (D:3)
  6 frilled lizards
  4 rats
67 creatures vanquished.

Notes
Turn   | Place    | Note
-------+----------+-------------------------------------------
     0 | D:1      | MrMonkeyMan the Human Conjurer began the quest for the Orb.
     0 | D:1      | Reached XP level 1. HP: 13/13 MP: 3/3
    86 | D:1      | Reached XP level 2. HP: 13/19 MP: 3/5
   433 | D:1      | Reached XP level 3. HP: 24/24 MP: 3/6
  1219 | D:2      | Found a faded altar of an unknown god.
  1227 | D:2      | Prayed at the altar of an unknown god.
  1227 | D:2      | Became a worshipper of Ru the Awakened
  1246 | D:2      | Gained mutation: You take slightly more damage. (AC -5) [Ru
                  | sacrifice]
  1246 | D:2      | Reached * piety under Ru
  1266 | D:2      | Reached XP level 4. HP: 30/30 MP: 3/7
  2071 | D:3      | Found Igapiole's Magic Scroll Shop.
  2085 | D:3      | Bought a scroll of identify for 22 gold pieces
  2219 | D:3      | Learned a level 2 spell: Searing Ray
  2262 | D:3      | Reached skill level 5 in Conjurations
  2262 | D:3      | Reached XP level 5. HP: 15/36 MP: 0/9
  3396 | D:3      | Found a shadowy altar of Dithmenos.
  3438 | D:4      | Found a transporter.
  3438 | D:4      | Noticed hotbaconsauce's ghost (amateur MiFi)
  3442 | D:4      | Found a transporter.
  3496 | D:4      | Reached skill level 1 in Fighting
  3516 | D:4      | Reached XP level 6. HP: 40/43 MP: 0/10
  3602 | D:4      | Noticed an orc warrior
  3644 | D:4      | HP: 1/43 [orc warrior/arrow (11)]
  3650 | D:4      | Shot with an arrow by an orc warrior

Illustrated notes

Levels and vault maps discovered:
D:1:      nzn_arrival_water_spiral, layout_loops_ring, minmay_unequal
D:2:      layout_loops_cross, basic_ecumenical_altar
D:3:      layout_loops_corners, mainiacjoe_overflow_alcove_4, serial_shops,
          nicolae_shop_window_shopping, kennysheep_generic_room_9
D:4:      kennysheep_kobold_camp, layout_basic, minmay_temple_entry_wispy,
          gammafunk_ghost_arena, solitary_fountain, pf_guarded_unrand_delatra

Skill      XL: |  1  2  3  4  5 |
---------------+----------------+-----
Conjurations   | 5 |  5.4
Fighting       | 1 |  1.1
Spellcasting   | 3 |  3.0
Short Blades   | |  0.1
Polearms       | |  0.6
Staves         | |  0.1
Dodging        | |  2.7
Stealth        | |  2.5

Action                     |  1- 3 |  4- 6 || total
---------------------------+-------+-------++-------
  Melee: Spear             |    56 |       ||    56
         Punch             |     2 |       ||     2
         Dagger            |     3 |       ||     3
         Staff             |       |    10 ||    10
   Cast: Magic Dart        |    46 |    74 ||   120
         Searing Ray       |       |     5 ||     5
 Invoke: Sacrifice Health  |     1 |       ||     1
    Use: Scroll            |       |     5 ||     5
         Potion            |       |     3 ||     3
   Stab: Sleeping          |     1 |       ||     1
 Armour: Robe              |     9 |     3 ||    12
  Dodge: Dodged            |    43 |    29 ||    72
  Block: Other             |       |     2 ||     2
         Reflection        |       |     1 ||     1

Table legend: (Time is in decaauts)
 A = Elapsed time spent in this place.
 B = Non-inter-level travel time spent in this place.
 C = Inter-level travel time spent in this place.
 D = Time resting spent in this place.
 E = Time spent auto-exploring this place.
 F = Levels seen in this place.
 G = Mean time per level.
                   A        B        C        D        E       F      G
               +--------+--------+--------+--------+--------+-----+--------+
         Total |   3654 |   3570 |     84 |    621 |   2036 |   4 |  913.5 |
       Dungeon |   3654 |   3570 |     84 |    621 |   2036 |   4 |  913.5 |
               +--------+--------+--------+--------+--------+-----+--------+

Top non-repeatable levels by time:
     D:3: 1551 daAuts
     D:2: 1063 daAuts
     D:1: 806 daAuts
     D:4: 233 daAuts
